 Dungeon Crawl Stone Soup version 0.27-a0-1119-gbf574a6a6b (webtiles) character file.

Game seed: 3815837977565910745

574 wakim the Sneak (level 7, -3/36 HPs)
             Began as a Vine Stalker Fighter on May 2, 2021.
             Slain by a killer bee (6 damage)
             ... on level 8 of the Dungeon.
             The game lasted 00:13:16 (5639 turns).

wakim the Sneak (Vine Stalker Fighter)              Turns: 5639, Time: 00:13:16

Health: -3/36      AC:  6    Str: 18    XL:     7   Next: 35%
Magic:  0/8        EV:  9    Int:  8    God:
Gold:   209        SH: 15    Dex: 16    Spells: 6/6 levels left

rFire    . . .     SeeInvis .   a - +0 rapier
rCold    . . .     Faith    .   c - +1 kite shield
rNeg     . . .     Spirit   +   h - +0 ring mail
rPois    .         Reflect  +   (no helmet)
rElec    .         Harm     .   k - +0 cloak
rCorr    +         Rampage  .   (no gloves)
Will     .....                  (no boots)
Stlth    ++........             b - amulet of reflection
HPRegen  1.12/turn              g - ring of resist corrosion
MPRegen  0.11/turn              (no ring)

@: lethally poisoned (-3 -> -4)
A: fangs 2, regeneration 1, magic shield, antimagic bite, no potion heal 2
a: no special abilities


You were on level 8 of the Dungeon.
You visited 2 branches of the dungeon, and saw 7 of its levels.

You collected 209 gold pieces.

Inventory:

Hand Weapons
 a - a +0 rapier (weapon)
Armour
 c - a +1 kite shield (worn)
 h - a +0 ring mail (worn)
 k - a +0 cloak (worn)
Jewellery
 b - an amulet of reflection (around neck)
 g - a ring of resist corrosion (left hand)
Wands
 z - a wand of polymorph (2)
Potions
 d - a potion of curing {unknown}
 e - a potion of cancellation {unknown}
 f - a potion of ambrosia {unknown}
 i - a potion of attraction {unknown}
 j - a potion of magic {unknown}
 M - 3 potions of mutation {!q}
 N - 3 potions of might
 O - 2 potions of resistance


   Skills:
 + Level 3.6 Fighting
 * Level 3.8 Short Blades
 + Level 3.2 Armour
 + Level 1.9 Dodging
 * Level 4.9 Stealth
 + Level 3.5 Shields


You had 6 spell levels left.
You didn't know any spells.
Your spell library was empty.

Dungeon Overview and Level Annotations

Branches:
Dungeon (5/15)             Temple (1/1) D:4

Altars:
Cheibriados
Dithmenos
Elyvilon
Fedhas
Gozag
Hepliaklqana
Makhleb
Nemelex Xobeh
Qazlal
Sif Muna
The Shining One

Shops:
D:3 [

Annotations:
D:3 Grinder


Innate Abilities, Weirdness & Mutations

You have extremely sharp teeth.
Your natural rate of healing is unusually fast.
When hurt, damage is shared between your health and your magic reserves.
Your bite disrupts and absorbs the magic of your enemies.
Potions cannot restore your health.


Message History

You miss the killer bee.
The killer bee is severely wounded.
You feel very sick. You block the killer bee's attack.
The killer bee misses you. The killer bee barely misses you.
You miss the killer bee.
The killer bee is severely wounded.
You feel sick.
The killer bee stings you but does no damage.
The killer bee closely misses you.
You closely miss the killer bee.
The killer bee is severely wounded.
You feel very sick.
The killer bee stings you but does no damage.
You block the killer bee's attack. x2
You hit the killer bee. Your bite misses the killer bee.
The killer bee is almost dead.
You feel sick.
The killer bee stings you but does no damage.
The killer bee stings you.
* * * LOW HITPOINT WARNING * * *
You closely miss the killer bee.
You bite the killer bee, but do no damage.
The killer bee is almost dead.
You feel sick. The killer bee stings you.
* * * LOW HITPOINT WARNING * * *
You block the killer bee's attack. x2
You closely miss the killer bee. Your bite misses the killer bee.
The killer bee is almost dead.
You feel sick. You block the killer bee's attack. x2
Unknown command.
Okay, then.
You barely miss the killer bee.
You bite the killer bee, but do no damage.
The killer bee is almost dead.
You feel sick. The killer bee stings you.
* * * LOW HITPOINT WARNING * * *
You are more poisoned.
The killer bee poisons you! The killer bee stings you!
You die...

.....# (....# #
.... #. ♣...
#.♣♣..#
###.....#
o.......######.#
#...@yZ.....
##..##########
#...........# ..
#....######.#
#..
##.#.######.#
#.# ###........#
#.# #.######.#
#.# #.# ##.##
#.#
#.#####...####.#


You could see a killer bee and a centaur zombie.

Vanquished Creatures
  Menkaure (D:4)
  A centaur (D:8)
  Blork the orc (D:4)
  A hound (D:4)
  Crazy Yiuf (D:4)
  Natasha (thrice) (D:3)
  Terence (D:2)
  Ijyb (D:3)
  A hound skeleton (D:4)
  3 adders
  A white imp (D:5)
  An adder skeleton (D:4)
  2 worms (D:2)
  2 dart slugs
  An orc (D:4)
  4 ball pythons
  4 endoplasms
  6 giant cockroaches
  3 goblins
  8 hobgoblins
  5 jackals
  5 quokkas
  5 bats
  2 frilled lizards
  6 kobolds
  2 rats
71 creatures vanquished.

Vanquished Creatures (others)
  A kobold (D:4)
1 creature vanquished.

Grand Total: 72 creatures vanquished

Notes
Turn   | Place    | Note
-------+----------+-------------------------------------------
     0 | D:1      | wakim the Vine Stalker Fighter began the quest for the Orb.
     0 | D:1      | Reached XP level 1. HP: 11/11 MP: 2/2
   680 | D:1      | Reached skill level 1 in Stealth
   680 | D:1      | Reached XP level 2. HP: 16/16 MP: 3/3
  1939 | D:2      | Reached XP level 3. HP: 19/19 MP: 4/4
  2162 | D:2      | Found a faded altar of an unknown god.
  2397 | D:2      | Noticed Terence
  2406 | D:2      | Killed Terence
  2407 | D:2      | Reached skill level 2 in Stealth
  2407 | D:2      | Gained mutation: Your natural rate of healing is unusually
                  | fast. [Vine Stalker growth]
  2407 | D:2      | Reached XP level 4. HP: 17/24 MP: 3/5
  2832 | D:3      | Noticed Grinder
  3176 | D:3      | Found Liuph's Armour Emporium.
  3198 | D:3      | Noticed Ijyb
  3220 | D:3      | Killed Ijyb
  3221 | D:3      | Reached skill level 1 in Dodging
  3221 | D:3      | Reached skill level 3 in Stealth
  3221 | D:3      | Reached XP level 5. HP: 28/28 MP: 6/6
  3442 | D:3      | Found a white marble altar of Elyvilon.
  3719 | D:4      | Noticed Blork the orc
  3729 | D:4      | Killed Blork the orc
  3857 | D:4      | Found a staircase to the Ecumenical Temple.
  3872 | Temple   | Entered the Ecumenical Temple
  4179 | D:4      | Found a runed translucent door.
  4180 | D:4      | Noticed Crazy Yiuf
  4189 | D:4      | HP: 1/28 [Crazy Yiuf/+4 quarterstaff of chaos (7)]
  4317 | D:4      | Reached XP level 6. HP: 32/32 MP: 7/7
  4597 | D:4      | Noticed Natasha
  4597 | D:4      | Noticed Menkaure
  4624 | D:3      | Killed Natasha
  4630 | D:3      | Noticed Natasha
  4635 | D:3      | Killed Natasha
  4636 | D:3      | Reached skill level 4 in Stealth
  4762 | D:3      | Noticed Natasha
  4771 | D:3      | Killed Natasha
  5028 | D:4      | Killed Menkaure
  5029 | D:4      | Reached XP level 7. HP: 36/36 MP: 8/8
  5101 | D:4      | Killed Crazy Yiuf
  5539 | D:5      | Entered Level 5 of the Dungeon
  5562 | D:5      | You fall into a shaft and drop 3 floors!
  5639 | D:8      | Slain by a killer bee

Illustrated notes

Levels and vault maps discovered:
D:1:      minmay_arrival_stone_box, layout_loops_corners, serial_park_tiny_1,
          serial_park_tiny_1
D:2:      layout_basic, shapermc_ecumenical_altar_hornbeckon,
          columned_hall_lemuel, uniq_terence
D:3:      layout_basic, elyvilon_altar_3, serial_shops, shop, uniq_ijyb,
          uniq_grinder
D:4:      layout_gridville, minmay_temple_entry_sparse_star, minivault_5,
          uniq_crazy_yiuf_cottage, uniq_menkaure, uniq_natasha,
          uniq_blork_the_orc
D:5:      layout_basic, nicolae_ashenzari_panopticon,
          nicolae_vehumet_altar_sigil
D:8:      wad_woods_minihive, layout_loops_ring,
          nicolae_ru_great_annihilating_truth, general_overflow_altar,
          trog_hazing_becter, grunt_decor_arrowhead, chequers_mini_garden,
          uniq_psyche
Temple:   eino_wide_crystal_templ

Skill      XL: |  1  2  3  4  5  6 |
---------------+-------------------+-----
Stealth        | 1 2 3 4 |  4.9
Short Blades   | 2 3 |  3.8
Fighting       | 3 |  3.6
Shields        | 3 |  3.5
Dodging        | 1 |  1.9
Armour         | 3 |  3.2

Action                   |  1- 3 |  4- 6 |  7- 9 || total
-------------------------+-------+-------+-------++-------
Melee: Rapier            |    92 |   138 |    38 ||   268
       Bite              |    21 |    50 |     8 ||    79
       Unarmed           |       |     8 |       ||     8
  Use: Scroll            |     1 |     6 |     1 ||     8
 Stab: Sleeping          |       |     2 |       ||     2
Armor: Scale mail        |    34 |       |       ||    34
       Ring mail         |       |    18 |    12 ||    30
Dodge: Dodged            |    22 |    27 |    16 ||    65
Block: Kite shield       |    55 |    82 |    47 ||   184
       Other             |       |     4 |       ||     4
       Reflection        |       |     2 |     1 ||     3

Table legend: (Time is in decaauts)
 A = Elapsed time spent in this place.
 B = Non-inter-level travel time spent in this place.
 C = Inter-level travel time spent in this place.
 D = Time resting spent in this place.
 E = Time spent auto-exploring this place.
 F = Levels seen in this place.
 G = Mean time per level.
                   A        B        C        D        E       F      G
               +--------+--------+--------+--------+--------+-----+--------+
         Total |   5738 |   5422 |    316 |    212 |   4186 |   7 |  819.7 |
       Dungeon |   5683 |   5376 |    307 |    212 |   4142 |   6 |  947.2 |
        Temple |     54 |     45 |      9 |      0 |     44 |   1 |   54.0 |
               +--------+--------+--------+--------+--------+-----+--------+

Top non-repeatable levels by time:
     D:1: 1711 daAuts
     D:4: 1498 daAuts
     D:3: 1241 daAuts
     D:2: 1126 daAuts
     D:8: 83 daAuts
  Temple: 54 daAuts
     D:5: 23 daAuts
